 Dungeon Crawl Stone Soup version 0.25.1-2-g60ff931df9 (webtiles) character file.

Game seed: 5285515420022838354

172 4FPSwarrior the Chopper (level 5, -1/50 HPs)
             Began as a Hill Orc Monk on Sept 9, 2020.
             Splashed by a jelly's acid (6 damage)
             ... on level 3 of the Dungeon.
             The game lasted 00:06:16 (2612 turns).

4FPSwarrior the Chopper (Hill Orc Monk)             Turns: 2612, Time: 00:06:18

Health: -1/50      AC: -13   Str: 15    XL:     5   Next: 53%
Magic:  5/5        EV: 12    Int: 10    God:
Gold:   98         SH:  0    Dex: 13    Spells: 4/4 levels left

rFire    . . .     SeeInvis .   a - +0 hand axe
rCold    . . .     Gourm    .   (no shield)
rNeg     . . .     Faith    .   t - +0 leather armour (curse)
rPois    .         Spirit   .   (no helmet)
rElec    .         Reflect  .   (no cloak)
rCorr    .         Harm     .   (no gloves)
MR       .....                  (no boots)
Stlth    ++........             q - amulet of magic regeneration
HPRegen  0.16/turn              (no ring)
MPRegen  0.34/turn              (no ring)

@: corroded
A: no striking features
a: no special abilities


You were on level 3 of the Dungeon.
You were not hungry.

You visited 1 branch of the dungeon, and saw 3 of its levels.

You collected 98 gold pieces.

Inventory:

Hand Weapons
 a - a +0 hand axe (weapon)
Missiles
 e - 62 stones (quivered)
 s - 25 sling bullets
Armour
 b - a +0 robe
 i - a +0 ring mail
 l - a +0 chain mail
 t - a cursed +0 leather armour (worn)
Jewellery
 q - an amulet of magic regeneration (around neck)
Scrolls
 d - a scroll of identify
 f - a scroll of remove curse {unknown}
 g - a scroll of enchant armour {unknown}
 j - a scroll of amnesia {unknown}
 k - a scroll of immolation
 m - a scroll of teleportation
 u - a scroll of fear {unknown}
Potions
 h - a potion of degeneration {unknown}
 n - a potion of mutation {unknown}
 o - 3 potions of curing
 r - a potion of invisibility {unknown}
Comestibles
 c - 6 rations
 p - 2 chunks of flesh


   Skills:
 + Level 5.7 Fighting
 + Level 6.3 Axes
 - Level 2.4 Dodging
 - Level 1.5 Stealth


You had 4 spell levels left.
You didn't know any spells.
Your spell library was empty.

Dungeon Overview and Level Annotations

Branches:
Dungeon (3/15)

Altars:

Annotations:
D:1 exclusion: downstairs


Message History

The jelly hits you.
You are splashed with acid!
You hit the jelly.
Your hands burn!
The jelly is moderately wounded.
The jelly closely misses you.
You hit the jelly but do no damage. The acid corrodes you!
Your hands burn!
The jelly is moderately wounded.
The jelly hits you. The acid corrodes you!
You are splashed with acid!
You are too injured to fight recklessly!
You are too injured to fight recklessly!
You hit the jelly.
Your hands burn!
The jelly is heavily wounded.
The jelly hits you.
You are splashed with acid.
* * * LOW HITPOINT WARNING * * *
You hit the jelly but do no damage. The acid corrodes you!
Your hands burn!
* * * LOW HITPOINT WARNING * * *
The jelly is heavily wounded.
The jelly hits you.
* * * LOW HITPOINT WARNING * * *
You are splashed with acid.
You die...

.. .###+#.....#.#
...... #.#.###.#.#
....[. #.#.# #<#
.....# #.#.# ###
#....##.#.#
#.........#
#.......###
..#.#.....#####...
......J@..........
#...#....######...
# . #......
########


You could see a jelly.

Vanquished Creatures
  A hound (D:1)
  4 gnolls (D:2)
  3 adders
  4 oozes
  A worm (D:2)
  3 leopard geckos
  4 orcs (D:3)
  A ball python (D:1)
  2 giant cockroaches
  2 goblins (D:2)
  5 hobgoblins (D:1)
  9 jackals
  4 bats
  A frilled lizard (D:2)
  5 kobolds (D:1)
  4 rats
53 creatures vanquished.

Notes
Turn   | Place    | Note
-------+----------+-------------------------------------------
     0 | D:1      | 4FPSwarrior the Hill Orc Monk began the quest for the Orb.
     0 | D:1      | Reached XP level 1. HP: 19/19 MP: 1/1
   219 | D:1      | Reached XP level 2. HP: 21/27 MP: 2/2
   504 | D:1      | Reached XP level 3. HP: 27/34 MP: 3/3
   908 | D:1      | Reached skill level 5 in Axes
   908 | D:1      | Reached XP level 4. HP: 31/41 MP: 4/4
  1002 | D:1      | Reached skill level 5 in Fighting
  1857 | D:2      | Reached XP level 5. HP: 43/48 MP: 5/5
  2035 | D:2      | Reached skill level 6 in Axes
  2612 | D:3      | Splashed by a jelly's acid

Illustrated notes

Levels and vault maps discovered:
D:1:      erik_arrival_orb_chamber, layout_rooms, item_on_display_a
D:2:      layout_rooms, minivault_24
D:3:      minmay_razor_zed, layout_basic

Skill      XL: |  1  2  3  4  5 |
---------------+----------------+-----
Fighting       | 4 5 |  5.7
Axes           | 5 6 |  6.3
Dodging        | |  2.4
Stealth        | |  1.5

Action                   |  1- 3 |  4- 6 || total
-------------------------+-------+-------++-------
Melee: Hand axe          |    75 |   168 ||   243
  Use: Potion            |       |     1 ||     1
       Scroll            |       |     4 ||     4
 Stab: Sleeping          |     1 |       ||     1
  Eat: Chunk             |       |     6 ||     6
Armor: Robe              |     6 |       ||     6
       Ring mail         |    11 |       ||    11
       Chain mail        |       |   101 ||   101
       Leather armour    |       |     1 ||     1
Dodge: Dodged            |    73 |    68 ||   141
